 Dungeon Crawl Stone Soup version 0.26.1-11-gd32895ea62 (webtiles) character file.

Game seed: 5391213936307296447

44401 Mattiprrivan the Carver (level 13, -1/111 HPs)
             Began as a Minotaur Gladiator on June 20, 2021.
             Was an Elder of Makhleb.
             Slain by a deep elf blademaster
             ... wielding a +0 rapier
              (23 damage)
             ... on level 1 of the Elven Halls.
             The game lasted 02:35:01 (14571 turns).

Mattiprrivan the Carver (Minotaur Gladiator)       Turns: 14571, Time: 02:35:02

Health: -1/111     AC: 13    Str: 30    XL:     13   Next: 96%
Magic:  17/17      EV: 17    Int:  5    God:    Makhleb [****..]
Gold:   2507       SH: 26    Dex: 14    Spells: 12/12 levels left

rFire    . . .     SeeInvis .   y - +6 double sword (elec)
rCold    . . .     Faith    .   g - +1 tower shield
rNeg     + . .     Spirit   .   h - +1 scale mail {rN+}
rPois    .         Reflect  +   c - +0 hat
rElec    .         Harm     .   m - scarf {+Inv}
rCorr    .         Rampage  .   z - +1 pair of gloves
Will     +....                  f - +0 pair of boots
Stlth    ..........             q - amulet of reflection
HPRegen  0.28/turn              b - ring "Kuguf" {Will+ Str+6}
MPRegen  0.15/turn              j - +4 ring of evasion

@: no status effects
A: retaliatory headbutt, horns 2, strong 1, wild magic 1
a: Renounce Religion, Evoke Invisibility, Minor Destruction, Lesser Servant of
Makhleb, Major Destruction


You were on level 1 of the Elven Halls.
You worshipped Makhleb.
Makhleb was greatly pleased with you.
You visited 3 branches of the dungeon, and saw 14 of its levels.

You collected 3647 gold pieces.
You spent 1140 gold pieces at shops.

Inventory:

Hand Weapons
 x - a +3 scimitar of flaming
 y - a +6 double sword of electrocution (weapon)
Missiles
 a - 24 boomerangs (quivered)
 i - 93 poisoned darts
 u - a throwing net
 A - 5 silver javelins
Armour
 c - a +0 hat (worn)
 d - a +2 ring mail of poison resistance
 f - a +0 pair of boots (worn)
 g - a +1 tower shield (worn)
 h - a +1 scale mail of positive energy (worn)
 m - a scarf of invisibility (worn)
 z - a +1 pair of gloves (worn)
Jewellery
 b - the ring "Kuguf" (left hand) {Will+ Str+6}
   (You bought it in a shop on level 1 of the Orcish Mines)

   [ring of strength]

   It affects your strength (+6).
   It affects your willpower, your defense against some magical effects.
 j - a +4 ring of evasion (right hand)
 o - an uncursed ring of protection from cold
 q - an amulet of reflection (around neck)
 w - an uncursed ring of flight
Wands
 r - a wand of polymorph (5)
 v - a wand of enslavement (3)
Scrolls
 e - 2 scrolls of teleportation
 k - 7 scrolls of remove curse
 p - a scroll of immolation
 s - 2 scrolls of identify
Potions
 t - 2 potions of brilliance


   Skills:
 * Level 9.3 Fighting
 * Level 14.5 Long Blades
 * Level 8.5 Throwing
 * Level 8.6 Armour
 * Level 8.7 Dodging
 * Level 10.9 Shields
 * Level 7.9 Unarmed Combat
 * Level 6.7 Invocations
 * Level 6.3 Evocations


You had 12 spell levels left.
You didn't know any spells.
Your spell library contained the following spells:

 Spells                   Type           Power        Failure   Level
 Animate Skeleton         Necr           0%           100%        1
 Apportation              Tloc           0%           100%        1
 Beastly Appendage        Tmut           0%           100%        1
 Corona                   Hex            0%           100%        1
 Summon Small Mammal      Summ           0%           100%        1
 Wereblood                Tmut           0%           100%        2
 Spider Form              Tmut/Pois      0%           100%        3
 Ice Form                 Ice/Tmut       0%           100%        4
 Blade Hands              Tmut           0%           100%        5
 Irradiate                Conj/Tmut      0%           100%        5
 Hydra Form               Tmut           0%           100%        6
 Statue Form              Tmut/Erth      0%           100%        6
 Dragon Form              Tmut           0%           100%        7


Dungeon Overview and Level Annotations

Branches:
Dungeon (11/15)            Temple (0/1) D:7            Lair (0/6) D:11
    Orc (2/2) D:9             Elf (1/3) Orc:2

Altars:
Dithmenos
Makhleb
Trog
Beogh

Shops:
D:11 :   Orc:1 =   Orc:2 [:[:   Elf:1 (!(


Innate Abilities, Weirdness & Mutations

You reflexively headbutt those who attack you in melee.
You have a pair of horns on your head.
Your muscles are strong. (Str +2)
Your spells are a little harder to cast, but a little more powerful.


Message History

The deep elf blademaster is severely wounded.
You block the deep elf blademaster's attack. x2
The deep elf knight hits you with a +0 short sword!
Your orange demon barely misses the deep elf blademaster.
A demon appears!
You block the deep elf blademaster's attack.
The deep elf blademaster hits you with a +0 rapier!
* * * LOW HITPOINT WARNING * * *
The deep elf knight points at you and mumbles some strange words.
The lance of force reflects off an invisible shield around you!
The lance of force hits the deep elf knight!
The deep elf knight is knocked back by the lance of force.
The deep elf knight slams into the rock wall!
The deep elf knight dies!
Makhleb accepts your kill.
Your orange demon closely misses the deep elf blademaster.
The deep elf knight casts a spell.
The deep elf knight seems to speed up.
The deep elf blademaster hits you with a +0 rapier!!
You die...

#..>....############...#####
#.......'.....).)..'...'..>.
#.......############...#####
#..)....# ##### ##'...'##
##.#####.######## ##.##
##'#.....## ####.##
##)......## ..#'##
#.(.@e....#
...##########....)3...# ###
..).'.......+..(.4)...# #.#
....#########.........###.#ee
....# #.....).)e.)..'e. ...##
##.......###..'.. ..'##
##'#(....## #..'.. '##.##
##.####'### #..#..
.###.######.## #.# #..##


You could see a deep elf blademaster (very poisoned), a deep elf knight (fast),
a friendly orange demon (summoned) and a friendly neqoxec (summoned).

Vanquished Creatures
  Gastronok (D:8)
  Frances (Elf:1)
  A deep elf sorcerer (Elf:1)
  An orc warlord (Orc:1)
  A deep elf demonologist (Elf:1)
  A hydra (shapeshifter) (Elf:1)
  2 two-headed ogres (Orc:2)
  Erica (D:8)
  3 orc high priests (Orc:2)
  2 dancing weapons (Elf:1)
  5 deep elf knights (Elf:1)
  5 deep elf archers (Elf:1)
  Pikel (D:5)
  An orc knight (D:9)
  An orc sorcerer (Orc:1)
  28 deep elf magi (Elf:1)
  A komodo dragon (shapeshifter) (Elf:1)
  2 trolls
  A hornet (D:9)
  A water elemental (Elf:1)
  10 yaks
  6 wargs (Orc:2)
  11 orc warriors
  2 phantoms
  2 sky beasts
  2 wolves (D:8)
  A boggart (Elf:1)
  4 ice beasts
  2 necrophages
  3 centaurs
  5 ogres
  A big kobold (D:5)
  4 bullfrogs
  An earth elemental (Elf:1)
  A wyvern zombie (D:10)
  A wyvern skeleton (D:9)
  4 scorpions
  4 killer bees (D:7)
  4 wights (D:6)
  2 bullfrog zombies
  A bullfrog skeleton (D:8)
  33 orc priests
  A centaur skeleton (D:3)
  16 orc wizards
  6 hounds
  An iguana (D:4)
  10 worker ants
  2 hound zombies
  A worker ant zombie (D:8)
  8 adders
  3 river rats (D:6)
  A shadow imp (D:5)
  3 white imps
  An ufetubus (D:9)
  An adder zombie (D:5)
  An adder skeleton (D:4)
  3 worms
  5 dart slugs
  11 leopard geckos
  76 orcs
  9 bats
  4 giant cockroaches
  12 goblins
  9 hobgoblins
  4 jackals (D:4)
  15 kobolds
  6 quokkas
  3 ball pythons
  15 frilled lizards
  A jackal skeleton (D:9)
  A leopard gecko skeleton (D:5)
  A leopard gecko zombie (D:5)
  7 rats
401 creatures vanquished.

Vanquished Creatures (collateral kills)
  2 orc high priests (Orc:2)
  3 deep elf knights (Elf:1)
  A wizard (Elf:1)
  A deep elf archer (Elf:1)
  An orb spider (shapeshifter) (Orc:2)
  An orc sorcerer (Orc:2)
  7 deep elf magi (Elf:1)
  An air elemental (Elf:1)
  A water elemental (Elf:1)
  Grum (D:8)
  A wolf (D:8)
  3 orc priests (Orc:2)
  2 orc wizards (Orc:1)
  4 orcs
29 creatures vanquished.

Vanquished Creatures (others)
  A deep elf knight (Elf:1)
  An ogre (Orc:2)
  A boggart (Elf:1)
  A hound (D:8)
  2 orcs (Orc:1)
  6 plants
12 creatures vanquished.

Grand Total: 442 creatures vanquished

Notes
Turn   | Place    | Note
-------+----------+-------------------------------------------
     0 | D:1      | Mattiprrivan the Minotaur Gladiator began the quest for the
                  | Orb.
     0 | D:1      | Reached XP level 1. HP: 18/18 MP: 0/0
   151 | D:1      | Reached XP level 2. HP: 21/25 MP: 1/1
  1045 | D:2      | Reached XP level 3. HP: 30/30 MP: 2/2
  1049 | D:2      | Reached skill level 4 in Long Blades
  1396 | D:2      | Reached skill level 1 in Unarmed Combat
  1398 | D:2      | Reached skill level 1 in Armour
  1609 | D:2      | Reached XP level 4. HP: 38/38 MP: 3/3
  1765 | D:2      | Reached skill level 1 in Shields
  2327 | D:3      | Reached XP level 5. HP: 44/45 MP: 4/4
  2641 | D:3      | Found a shadowy altar of Dithmenos.
  2830 | D:4      | Reached skill level 5 in Long Blades
  3035 | D:4      | Reached XP level 6. HP: 51/51 MP: 5/5
  3677 | D:4      | Found a burning altar of Makhleb.
  3681 | D:4      | Reached XP level 7. HP: 58/58 MP: 6/6
  3686 | D:4      | Became a worshipper of Makhleb the Destroyer
  3717 | D:5      | Entered Level 5 of the Dungeon
  3767 | D:5      | Reached skill level 6 in Long Blades
  3784 | D:5      | Reached skill level 1 in Evocations
  4196 | D:5      | Noticed Pikel
  4205 | D:5      | Killed Pikel
  4206 | D:5      | Reached skill level 7 in Long Blades
  4206 | D:5      | Reached skill level 1 in Invocations
  4206 | D:5      | Reached XP level 8. HP: 66/66 MP: 6/8
  4641 | D:6      | Reached skill level 5 in Dodging
  4849 | D:6      | Reached * piety under Makhleb
  4947 | D:6      | Reached skill level 8 in Long Blades
  5010 | D:6      | Reached XP level 9. HP: 34/72 MP: 9/9
  5243 | D:6      | Reached skill level 5 in Shields
  5857 | D:7      | Found a staircase to the Ecumenical Temple.
  5952 | D:7      | Reached skill level 5 in Fighting
  6176 | D:7      | Identified 3 scrolls of acquirement
  6176 | D:7      | Acquired 1114 gold pieces
  6178 | D:7      | Acquired a +4 double sword of electrocution
  6180 | D:7      | Acquired 1008 gold pieces
  6380 | D:7      | Gained mutation: Your spells are a little harder to cast,
                  | but a little more powerful. [potion of mutation]
  6380 | D:7      | Gained mutation: Your muscles are strong. (Str +2) [potion
                  | of mutation]
  6644 | D:8      | Reached skill level 5 in Throwing
  6822 | D:8      | Noticed Joseph
  6823 | D:8      | Noticed Joseph
  6823 | D:8      | Joseph changed into Joseph the worm
  6826 | D:8      | Killed Joseph the worm
  6906 | D:8      | Reached ** piety under Makhleb
  6989 | D:8      | Noticed Erica
  6992 | D:8      | Noticed Gastronok
  6997 | D:8      | Killed Erica
  6998 | D:8      | Reached skill level 9 in Long Blades
  7082 | D:8      | You fall into a shaft and drop 3 floors!
  7084 | D:11     | Found Jutuopoo's Book Shoppe.
  7090 | D:11     | Found a staircase to the Lair.
  7102 | D:10     | Entered Level 10 of the Dungeon
  7160 | D:10     | Reached XP level 10. HP: 81/81 MP: 11/11
  7162 | D:10     | Reached skill level 5 in Armour
  7404 | D:8      | Killed Gastronok
  7405 | D:8      | Reached skill level 10 in Long Blades
  7405 | D:8      | Reached skill level 5 in Unarmed Combat
  7751 | D:8      | Noticed Grum
  7774 | D:8      | Killed Grum
  8240 | D:9      | Reached *** piety under Makhleb
  8241 | D:9      | Reached XP level 11. HP: 90/90 MP: 13/13
  8683 | D:9      | Found a staircase to the Orcish Mines.
  8934 | D:9      | Reached skill level 11 in Long Blades
  9144 | Orc:1    | Entered Level 1 of the Orcish Mines
  9144 | Orc:1    | Noticed an orc knight
  9558 | Orc:1    | Noticed an orc knight
  9595 | D:9      | Killed an orc knight
  9788 | Orc:1    | Found a bloodstained altar of Trog.
  9923 | Orc:2    | Entered Level 2 of the Orcish Mines
 10042 | Orc:2    | Noticed an orc high priest
 10051 | Orc:2    | Noticed a soul eater
 10051 | Orc:2    | Killed an orc high priest
 10060 | Orc:2    | Reached **** piety under Makhleb
 10109 | Orc:1    | Noticed an orc warlord
 10109 | Orc:1    | Noticed an orc knight
 10109 | Orc:1    | Noticed an orc sorcerer
 10114 | Orc:2    | Noticed a sixfirhy
 10130 | Orc:2    | Noticed a glowing shapeshifter
 10130 | Orc:2    | an orc knight changed into a glowing shapeshifter
 10131 | Orc:2    | a glowing shapeshifter changed into a soldier ant
 10131 | Orc:2    | Killed an orc sorcerer
 10135 | Orc:2    | Noticed an orb spider
 10135 | Orc:2    | a soldier ant changed into an orb spider
 10139 | Orc:2    | Killed an orb spider
 10539 | Orc:1    | Killed an orc warlord
 10541 | Orc:1    | Reached skill level 5 in Invocations
 10796 | Orc:1    | You fall into a shaft and drop 1 floor!
 10796 | Orc:2    | Found a staircase to the Elven Halls.
 11028 | Orc:2    | Noticed a two-headed ogre
 11042 | Orc:2    | Killed a two-headed ogre
 11100 | Orc:2    | Noticed an orc high priest
 11109 | Orc:2    | Killed an orc high priest
 11159 | Orc:1    | Found Pistromic's Jewellery Shoppe.
 11167 | Orc:1    | Bought the ring "Kuguf" {Will+ Str+6} for 711 gold pieces
 11263 | Orc:2    | Found Higigira's Armour Emporium.
 11263 | Orc:2    | Found Pyniquul's Book Shop.
 11264 | Orc:2    | Noticed an orc high priest
 11279 | Orc:2    | Killed an orc high priest
 11280 | Orc:2    | Reached XP level 12. HP: 88/100 MP: 14/14
 11315 | Orc:2    | Bought a +1 scale mail of positive energy for 195 gold
                  | pieces
 11337 | Orc:2    | Noticed a two-headed ogre
 11344 | Orc:2    | Killed a two-headed ogre
 11345 | Orc:2    | Reached skill level 12 in Long Blades
 11349 | Orc:2    | Found a roughly hewn altar of Beogh.
 11394 | Orc:2    | Noticed an orc high priest
 11428 | Orc:2    | Killed an orc high priest
 11720 | Orc:2    | Noticed an orc high priest
 11730 | Orc:2    | Killed an orc high priest
 11922 | Orc:2    | Found Annanlull's Book Shop.
 11922 | Orc:2    | Found Vyto's Antique Armour Emporium.
 12060 | Orc:1    | Reached skill level 5 in Evocations
 12635 | Elf:1    | Entered Level 1 of the Elven Halls
 12794 | Elf:1    | Noticed a deep elf demonologist
 12796 | Elf:1    | Killed a deep elf demonologist
 12907 | Elf:1    | Noticed a great orb of eyes
 12907 | Elf:1    | a wolf spider changed into a great orb of eyes
 12910 | Elf:1    | Noticed a fire dragon
 12910 | Elf:1    | a great orb of eyes changed into a fire dragon
 12912 | Elf:1    | Noticed a boulder beetle
 12912 | Elf:1    | a fire dragon changed into a boulder beetle
 12919 | Elf:1    | Noticed an anaconda
 12919 | Elf:1    | a boulder beetle changed into an anaconda
 12921 | Elf:1    | Noticed an ice dragon
 12921 | Elf:1    | an anaconda changed into an ice dragon
 12922 | Elf:1    | an ice dragon changed into a tyrant leech
 12924 | Elf:1    | Noticed a six-headed hydra
 12924 | Elf:1    | a tyrant leech changed into a six-headed hydra
 12928 | Elf:1    | Killed a seven-headed hydra
 13074 | Elf:1    | Found Nivuifef's Weapon Shoppe.
 13076 | Elf:1    | Found Eggoitsa's Distillery.
 13079 | Elf:1    | Found Kysaon's Antique Weapon Shoppe.
 13104 | Elf:1    | Reached skill level 13 in Long Blades
 13131 | Elf:1    | Bought a potion of heal wounds for 90 gold pieces
 13131 | Elf:1    | Bought a potion of curing for 54 gold pieces
 13131 | Elf:1    | Bought a potion of berserk rage for 90 gold pieces
 13324 | Elf:1    | Reached XP level 13. HP: 91/108 MP: 16/16
 13421 | Elf:1    | Reached skill level 10 in Shields
 13447 | Elf:1    | Noticed a deep elf sorcerer
 13462 | Elf:1    | Killed a deep elf sorcerer
 13938 | Elf:1    | Noticed Frances
 13952 | Elf:1    | Killed Frances
 13953 | Elf:1    | Reached skill level 14 in Long Blades
 14550 | Elf:1    | Identified the cursed +0 short sword "Kulem" {elec, *Rage
                  | rElec rC+ Str+4}
 14556 | Elf:1    | Noticed a deep elf blademaster
 14571 | Elf:1    | Slain by a deep elf blademaster

Illustrated notes

Levels and vault maps discovered:
D:1:      lemuel_arrival_behind_the_door_large, layout_basic
D:2:      layout_rooms, minmay_splitting_lines, minmay_lizard_king
D:3:      layout_basic, nicolae_dithmenos_through_a_glass_darkly,
          kennysheep_generic_room_10
D:4:      layout_basic, makhleb_blood_cavern_becter
D:5:      layout_basic, uniq_pikel
D:6:      layout_cave_pods, gup_sewer_entry_bubbles
D:7:      layout_basic, temple_fountains, corexii_corridor_pit
D:8:      layout_gridville, uniq_erica, uniq_joseph, uniq_grum, uniq_gastronok
D:9:      layout_basic, orc_0_dummy
D:10:     layout_basic, hex_tiny
D:11:     layout_irregular_city, lair_entry_dummy, serial_shops, shop_fountains,
          shop_statue, nicolae_shop_statue_plus
Orc:1:    layout_caves, serial_shops, shop_statue, basic_altar
Orc:2:    st_orc_town, layout_diamond_mine, nicolae_orc_lava_room
Elf:1:    cheibrodos_elf_bladeworks, layout_geoelf_diagonals,
          hangedman_elf_disciples, minmay_shop_star, uniq_frances

Skill      XL: |  1  2  3  4  5  6  7  8  9 10 11 12 13 |
---------------+----------------------------------------+-----
Long Blades    | 4 5 7 8 9 10 11 13 14 | 14.5
Fighting       | 3 4 5 6 7 8 9 |  9.3
Unarmed Combat | 1 2 3 4 5 6 7 |  7.9
Armour         | 1 2 3 4 5 6 7 8 |  8.6
Shields        | 1 2 3 4 6 7 8 9 10 | 10.9
Dodging        | 4 5 6 7 8 |  8.7
Throwing       | 3 4 5 6 7 8 |  8.5
Evocations     | 1 2 3 4 5 6 |  6.3
Invocations    | 1 2 3 4 5 6 |  6.7

Action                   |  1- 3 |  4- 6 |  7- 9 | 10-12 | 13-15 || total
-------------------------+-------+-------+-------+-------+-------++-------
Melee: Long sword        |   114 |   138 |   152 |       |       ||   404
       Headbutt          |    14 |    27 |    50 |    77 |    33 ||   201
       Unarmed           |       |       |     1 |       |       ||     1
       Double sword      |       |       |    45 |   403 |   147 ||   595
Throw: Throwing net      |     3 |     3 |       |       |       ||     6
       Dart              |       |     8 |       |    19 |       ||    27
       Boomerang         |       |    23 |    61 |    67 |    11 ||   162
       Javelin           |       |       |       |    19 |       ||    19
Invok: Lesser Servant of |       |       |       |    17 |     8 ||    25
Evoke: Wand              |       |       |    16 |     8 |    12 ||    36
  Use: Scroll            |     6 |     8 |    17 |     6 |     4 ||    41
       Potion            |     1 |     8 |     7 |     3 |     4 ||    23
 Stab: Sleeping          |       |       |     1 |       |       ||     1
       Distracted        |       |       |       |     4 |       ||     4
Armor: Leather armour    |    26 |    32 |    24 |     3 |       ||    85
       Chain mail        |       |       |       |     9 |       ||     9
       Scale mail        |       |       |       |     4 |    16 ||    20
Dodge: Dodged            |    37 |    50 |    39 |    75 |    22 ||   223
Block: Tower shield      |    51 |    92 |   208 |   363 |   119 ||   833
       Reflection        |       |       |    13 |    33 |    25 ||    71
       Rpst.: Long sword |    12 |    13 |    12 |       |       ||    37
       Double sword      |       |       |       |    15 |     4 ||    19
